AoeStats
← EL GATO TECHERO

Arena

510934291Analyzed
3v3 RM · 15h ago on Oct 3, 2026· 68m 34s· 6 players
Game mode
Random Map
Map size
Normal (6 player)
Population
200
Speed
Normal
Resources
Standard
Victory
Conquest
Starting age
Dark Age
Ending age
Imperial Age
RankedLock teamsTeams togetherTeam positionsShared explorationLock speedFull tech treeHidden civsTurbo modeCheats
Victory
Defeat
1063
+14
🇵🇪 Byzantines · Peru
1048
+14
🇵🇪 Magyars · Peru
871
+21
🇺🇸 Varangians · United States
1019
-17
🇹🇼 Saxons · Taiwan
1003
-16
🇨🇳 Hindustanis · China
998
-16
El preñador de coneras
7:34 Loom
12:12 Feudal Age
14:55 Double-Bit Axe
18:32 Castle Age
16:33 Horse Collar
19:06 Wheelbarrow
21:15 Heavy Plow
21:57 Bow Saw
24:57 Scale Mail Armor
25:02 Town Watch
26:06 Forging
26:30 Chain Mail Armor
27:41 First Crusade
28:32 Iron Casting
27:47 Arson
28:05 Squires
32:17 Imperial Age
30:48 Hand Cart
32:03 Town Patrol
34:25 Conscription
35:26 Blast Furnace
35:23 Plate Mail Armor
35:10 Gold Mining
34:50 Elite Serjeant
35:10 Heavy Scorpion
36:38 Gold Shaft Mining
39:51 Siege Engineers
47:19 Murder Holes
56:35 Hauberk
58:25 Caravan
58:58 Hauberk
59:18 Scale Barding Armor
60:34 Bloodlines
60:25 Husbandry
59:46 Cavalier
60:56 Chain Barding Armor
64:56 Plate Barding Armor
68:07 Light Cavalry
FOX MULDER
4:31 Loom
6:14 Loom
10:52 Feudal Age
17:36 Castle Age
16:22 Double-Bit Axe
16:20 Horse Collar
16:37 Fletching
30:10 Imperial Age
31:57 Chemistry
31:50 Wheelbarrow
33:34 Elite Skirmisher
34:30 Forging
34:56 Bodkin Arrow
36:26 Ballistics
37:58 Husbandry
38:59 Iron Casting
38:37 Heavy Camel Rider
42:54 Scale Barding Armor
46:25 Light Cavalry
49:17 Hand Cart
49:10 Pikeman
49:51 Squires
49:58 Heavy Plow
50:51 Halberdier
51:43 Arson
54:53 Bracer
57:36 Conscription
62:08 Hussar
66:54 Crop Rotation
68:10 Chain Barding Armor
EL GATO TECHERO
10:57 Feudal Age
11:32 Double-Bit Axe
11:48 Loom
18:05 Castle Age
23:25 Horse Collar
23:51 Gold Mining
24:36 Heavy Plow
27:50 Bow Saw
29:16 Bloodlines
30:01 Scale Barding Armor
30:42 Wheelbarrow
31:25 Chain Barding Armor
31:46 Husbandry
35:34 Hand Cart
35:29 Stone Mining
36:15 Gold Shaft Mining
40:14 Imperial Age
40:40 Cavalier
42:07 Paladin
43:27 Plate Barding Armor
43:52 Crop Rotation
44:24 Two-Man Saw
44:14 Scale Mail Armor
43:53 Pikeman
44:31 Halberdier
45:42 Chain Mail Armor
59:43 Corvinian Army
62:24 Elite Magyar Huszar
64:31 Arson
2Rock
10:03 Feudal Age
13:55 Castle Age
12:22 Double-Bit Axe
12:20 Horse Collar
15:58 Bow Saw
19:00 Loom
19:50 Stone Mining
21:12 Forging
22:58 Wheelbarrow
25:41 Hand Cart
25:11 Town Watch
25:58 Bloodlines
27:23 Heavy Plow
28:19 Husbandry
32:59 Imperial Age
30:30 Town Patrol
30:44 Town Patrol
31:39 Scale Barding Armor
33:15 Iron Casting
33:01 Chain Barding Armor
35:21 Two-Man Saw
34:54 Crop Rotation
34:17 Gold Mining
34:54 Conscription
33:56 Elite Jarl
36:56 Blast Furnace
36:32 Plate Barding Armor
36:41 Conscription
35:42 Elite Jarl
35:49 Elite Jarl
38:24 Guilds
37:42 Cavalier
38:03 Elite Varangian Guard
38:30 Arson
38:31 Gambesons
42:12 Pikeman
44:02 Fletching
44:13 Padded Archer Armor
44:14 Scale Mail Armor
45:34 Squires
45:50 Guilds
47:05 Chain Mail Armor
46:46 Bodkin Arrow
48:04 Halberdier
50:01 Bracer
50:32 Plate Mail Armor
52:25 Ballistics
53:06 Chemistry
52:16 Siege Engineers
52:21 Masonry
52:11 Gothikon
52:12 Vendel Legacy
52:20 Light Cavalry
55:21 Caravan
56:01 Hussar
poi
10:25 Feudal Age
15:47 Castle Age
14:45 Double-Bit Axe
26:59 Horse Collar
27:33 Bow Saw
32:13 Imperial Age
29:29 Loom
30:36 Fortified Wall
31:30 Man-at-Arms
31:56 Gambesons
32:11 Squires
31:32 Pikeman
31:58 Arson
32:21 Scale Mail Armor
32:19 Long Swordsman
32:53 Shield Wall
34:58 Wheelbarrow
34:08 Town Watch
34:02 Two-Handed Swordsman
35:23 Conscription
36:12 Hoardings
36:54 Gold Mining
36:55 Stone Mining
37:39 Chain Mail Armor
37:35 Forging
39:45 Plate Mail Armor
50:26 Two-Man Saw
55:53 Hand Cart
68:12 Heavy Plow
Danny chan
11:33 Feudal Age
16:13 Castle Age
15:19 Double-Bit Axe
15:48 Horse Collar
21:01 Fervor
21:29 Heavy Plow
21:47 Bow Saw
24:41 Loom
28:13 Gold Mining
28:14 Stone Mining
31:07 Gold Shaft Mining
31:08 Stone Shaft Mining
34:21 Imperial Age
32:26 Wheelbarrow
32:01 Scale Barding Armor
32:07 Forging
34:35 Chain Barding Armor
34:51 Iron Casting
34:25 Grand Trunk Road
35:35 Conscription
35:22 Husbandry
35:32 Bloodlines
34:44 Heavy Camel Rider
35:45 Hand Cart
36:10 Plate Barding Armor
38:19 Blast Furnace
38:38 Chemistry
37:58 Ballistics
37:54 Fortified Wall
38:35 Herbal Medicine
38:51 Imperial Camel Rider
42:26 Siege Engineers
42:17 Murder Holes
42:33 Masonry
43:55 Hoardings
47:05 Padded Archer Armor
46:55 Fletching
47:48 Elite Skirmisher
48:34 Thumb Ring
48:28 Bodkin Arrow
48:49 Leather Archer Armor
52:09 Bracer
52:58 Ring Archer Armor
53:08 Light Cavalry
54:08 Hussar
60:43 Caravan
Connection lost

Rejoining the realm…

Still unreachable

The connection could not be restored.

Session expired

The server has moved on; the page needs a fresh start.